 Dungeon Crawl Stone Soup version bcrawl-1.40.3b (webtiles) character file.

Game seed: 17804473867070057176

376594 tauben the Geomancer (level 11, -3/89 HPs)
             Began as a Sand Dwarf Earth Elementalist on Mar 17, 2024.
             Was an Elder of Sif Muna.
             Slain by an earth elemental (24 damage)
             ... in a volcano.
             The game lasted 00:39:32 (8845 turns).

tauben the Geomancer (SDEE)                         Turns: 8845, Time: 00:39:32

Health: -3/89      AC: 14    Str: 19    XL:     11   Next: 32%
Magic:  1/24       EV: 16    Int: 18    God:    Sif Muna [****..]
Gold:   603        SH:  7    Dex: 19    Spells: 15/28 levels left

rFire    + + +     GDR:     36% E - +2 dagger (drain)
rCold    x . .     SeeInvis .   k - +0 buckler
rNeg     . . .     Gourm    .   f - +0 fire dragon scales
rPois    .         Faith    +   w - +0 helmet
rElec    .         Spirit   .   (no cloak)
rCorr    .         Reflect  .   t - +1 pair of gloves {Dex+3}
MR       +....                  (no boots)
Stlth    ..........             O - amulet of faith
HPRegen  0.24/turn              L - ring "Jetiri" {rF+ Stlth--} (curse)
MPRegen  0.19/turn              (no ring)

@: mighty, agile, hasted, very quick
A: small, slowness 1, armour attunement
a: Divine Energy, Channel Magic, Forget Spell, Renounce Religion


You were in a volcano.
You worshipped Sif Muna.
Sif Muna was greatly pleased with you.
You were not hungry.

You visited 3 branches of the dungeon, and saw 9 of its levels.
You also visited: Sewer and Volcano.

You collected 603 gold pieces.

Inventory:

Hand Weapons
 b - a +0 blowgun
 E - a +2 dagger of draining (weapon)
Missiles
 n - 864 arrows
 r - 728 stones (quivered)
 s - 14 poisoned needles
Armour
 d - a +0 plate armour
 f - +0 fire dragon scales (worn)
 g - a +1 chain mail of poison resistance
 k - a +0 buckler (worn)
 t - a +1 pair of gloves of dexterity (worn)
 w - a +0 helmet (worn)
 y - a +0 medium shield
 B - the +8 salamander hide armour {+Fog rF++ rC-}
   (You found it on level 5 of the Dungeon)

   It greatly protects you from fire.
   It makes you vulnerable to cold.
Jewellery
 z - an uncursed amulet of guardian spirit {unknown}
 I - an uncursed amulet of regeneration {unknown}
 L - the cursed ring "Jetiri" (left hand) {rF+ Stlth--}
   (You found it on level 6 of the Dungeon)

   [ring of attention]

   It protects you from fire.
   It makes you much less stealthy.
   It has a curse placed upon it.
 O - an amulet of faith (around neck)
Wands
 A - a wand of charming (6)
 J - a wand of clouds (7)
 K - a wand of paralysis (6)
 M - a wand of flame (25)
 P - a wand of random effects (9)
Scrolls
 a - a scroll of enchant weapon
 j - a scroll of fear {unknown}
 l - 5 scrolls of enchant armour {unknown}
 m - a scroll of revelation {unknown}
 q - 5 scrolls of teleportation
 u - 3 scrolls of remove curse
 v - a scroll of amnesia {unknown}
 D - a scroll of fog {unknown}
 F - a scroll of summoning {unknown}
 H - 3 scrolls of noise {unknown}
Potions
 h - a potion of curing
 i - a potion of magic {unknown}
 p - a potion of haste
 x - a potion of cancellation
 G - a potion of mutation {unknown}
Comestibles
 e - 13 rations {!d}


   Skills:
 - Level 6.0 Fighting
 - Level 8.0 Armour
 - Level 1.5 Dodging
 - Level 1.5 Stealth
 - Level 4.0 Shields
 - Level 1.1 Unarmed Combat
 + Level 9.1 Spellcasting
 - Level 4.0 Transmutations
 - Level 12.0 Earth Magic


You had 15 spell levels left.
You knew the following spells:

 Your Spells              Type           Power        Failure   Level  Hunger
a - Sandblast             Erth           ######       1%          1    None
b - Stone Arrow           Conj/Erth      ####..       6%          3    None
c - Lee's Rapid Deconstr  Erth           ######....   4%          5    ####...
d - Petrify               Tmut/Erth      #####.....   9%          4    ##.....

Your spell library contained the following spells:

 Spells                   Type           Power        Failure   Level  Hunger
 Passwall                 Tmut/Erth      #####...     1%          2    None
 Sticks to Snakes         Tmut           ###.....     7%          2    None
 Flame Tongue             Conj/Fire      #....        22%         1    None
 Magic Dart               Conj           #...         22%         1    None
 Spider Form              Tmut/Pois      ###          30%         3    None
 Blink                    Tloc           N/A          34%         2    None
 Call Imp                 Summ           #.....       34%         2    None
 Flaming Arrows           Chrm/Fire      #.......     34%         2    None
 Shackle                  Hex            #.......     34%         2    None
 Conjure Flame            Conj/Fire      #.......     56%         3    None
 Mephitic Cloud           Conj/Pois/Air  #.......     56%         3    None
 Spellforged Servitor     Conj/Summ      #.........   100%        7    #######
 Ignition                 Hex/Fire       #.........   100%        8    #######


Dungeon Overview and Level Annotations

Branches:
Dungeon (7/12)             Temple (1/1) D:6            Lair (1/6) D:7

Altars:
Ashenzari
Dithmenos
Elyvilon
Fedhas
Gozag
Hepliaklqana
Kikubaaqudgha
Lugonu
Makhleb
Nemelex Xobeh
Okawaru
Ru
Sif Muna
Trog
Uskayaw
Vehumet
Wu Jian
Xom
Yredelemnul
Zin
The Shining One

Shops:
D:7 *

Annotations:
Lair:1 1 runed translucent door, exclusion: oklob plant, ProfCupcake's ghost, novice FeMA


Innate Abilities, Weirdness & Mutations

You are small and have problems with some larger weapons.
You cover ground slowly.
Armour does not affect your spellcasting.


Message History

* * * LOW HITPOINT WARNING * * *
You puncture the molten gargoyle!
You destroy the molten gargoyle!
Sif Muna accepts your kill.
Your Spellcasting skill increases to level 9!
You hit the earth elemental.
The earth elemental is lightly damaged.
You hit the earth elemental but do no damage.
The earth elemental is lightly damaged.
The efreet gestures at you.
The fireball explodes!
The fireball engulfs the earth elemental.
The earth elemental completely resists.
You resist. The fireball engulfs you.
* * * LOW HITPOINT WARNING * * *
The fireball engulfs the efreet.
The efreet completely resists.
You puncture the earth elemental!
The earth elemental is moderately damaged.
You regain access to your magic.
The earth elemental hits you!!
You die...

#..§≈≈§§≈§≈≈≈≈≈§§§....
###....≈§§≈≈≈§§.≈§...#
#....≈§≈≈≈≈§≈≈.§####
#.....§§§≈≈§.§§##
##......§≈≈≈....#
#...##..§....###
#8.8###.....## ##.##
##...## #@# #..##
##E## #####
#.R○#.....#
+.∩.'.....$
#...#.⌠..8$
##C##.....$ ... ....#
... 8### ._. E#


You could see a stone giant, an earth elemental and an efreet.

Vanquished Creatures
  A molten gargoyle (Volcano)
  A gargoyle (Volcano)
  2 komodo dragons (D:7)
  A troll (D:7)
  Grinder (D:4)
  6 blink frogs (Lair:1)
  A fire elemental (Volcano)
  Sigmund (D:2)
  5 yaks (Lair:1)
  A wyvern (D:7)
  5 fire bats (Volcano)
  A steam dragon (D:7)
  2 hungry ghosts
  2 basilisks
  A crocodile (D:7)
  Edmund (D:5)
  2 hell hounds (Lair:1)
  2 sky beasts (D:4)
  2 ice beasts
  Purgy (Sewer)
  6 ogres
  3 bullfrogs
  A kobold brigand (D:5)
  An earth elemental (Volcano)
  4 centaurs
  4 scorpions
  4 howler monkeys
  3 orc priests
  3 crimson imps
  6 lava snakes (Volcano)
  A quasit (D:5)
  A jelly (D:7)
  A hound (D:3)
  6 orc wizards
  3 iguanas
  2 worker ants (D:5)
  2 hound skeletons (D:4)
  7 adders
  2 shadow imps
  3 oozes
  2 adder skeletons
  3 adder zombies
  4 worms
  A dart slug (D:3)
  5 leopard geckos
  14 orcs
  5 ball pythons
  2 giant cockroaches
  5 goblins
  11 hobgoblins
  6 jackals (D:2)
  2 quokkas
  5 bats
  7 frilled lizards
  2 jackal skeletons
  5 kobolds
  A quokka skeleton (D:5)
  6 rats
188 creatures vanquished.

Vanquished Creatures (others)
  A dart slug (D:4)
  5 fungi (Lair:1)
  3 plants (Lair:1)
9 creatures vanquished.

Grand Total: 197 creatures vanquished

Notes
Turn   | Place    | Note
-------+----------+-------------------------------------------
     0 | D:1      | tauben the Sand Dwarf Earth Elementalist began the quest
                  | for the Orb.
     0 | D:1      | Reached XP level 1. HP: 14/14 MP: 3/3
   117 | D:1      | Reached skill level 4 in Earth Magic
   131 | D:1      | Reached skill level 1 in Fighting
   162 | D:1      | Reached XP level 2. HP: 24/24 MP: 1/5
   401 | D:1      | Reached XP level 3. HP: 27/29 MP: 6/6
   585 | D:1      | Learned a level 3 spell: Stone Arrow
   850 | D:2      | Reached skill level 5 in Earth Magic
   951 | D:2      | Reached XP level 4. HP: 36/36 MP: 0/7
  1340 | D:2      | Noticed Sigmund
  1356 | D:2      | Killed Sigmund
  1357 | D:2      | Reached skill level 6 in Earth Magic
  1357 | D:2      | Reached XP level 5. HP: 41/41 MP: 0/8
  1357 | D:2      | Reached XP level 6. HP: 48/48 MP: 0/9
  2307 | D:3      | Found a bloodstained altar of Trog.
  2329 | D:3      | Found a sparkling altar of Nemelex Xobeh.
  2333 | D:3      | Reached skill level 1 in Armour
  2549 | D:3      | Reached XP level 7. HP: 46/55 MP: 0/10
  2844 | D:3      | Found a hide-covered altar of Uskayaw.
  3316 | D:4      | Reached XP level 8. HP: 61/61 MP: 11/15
  3342 | D:4      | Reached skill level 5 in Spellcasting
  3342 | D:4      | Found a radiant altar of Vehumet.
  3457 | D:4      | Noticed Grinder
  3464 | D:4      | Paralysed by Grinder for 2 turns
  3468 | D:4      | Killed Grinder
  3475 | D:4      | Learned a level 5 spell: Lee's Rapid Deconstruction
  3480 | D:4      | Learned a level 4 spell: Petrify
  3570 | D:4      | Found a glowing silver altar of Zin.
  3590 | D:4      | Reached skill level 1 in Transmutations
  3637 | D:4      | Found a glowing golden altar of the Shining One.
  3775 | D:4      | Found a basalt altar of Yredelemnul.
  3778 | D:4      | Noticed a profane servitor
  3786 | D:4      | Noticed an angel
  3832 | D:4      | Reached skill level 7 in Earth Magic
  4070 | D:5      | Entered Level 5 of the Dungeon
  4171 | D:5      | Noticed Edmund
  4233 | D:5      | Killed Edmund
  4244 | D:5      | Found the +8 salamander hide armour {+Fog rF++ rC-}
  4429 | D:5      | Reached skill level 8 in Earth Magic
  4429 | D:5      | Reached XP level 9. HP: 35/67 MP: 3/18
  4501 | D:5      | Found a glowing drain.
  4510 | Sewer    | Entered a sewer
  4589 | Sewer    | Noticed Purgy
  4594 | Sewer    | Killed Purgy
  5393 | D:5      | Reached skill level 9 in Earth Magic
  5963 | D:6      | Reached skill level 10 in Earth Magic
  6054 | D:6      | Found a staircase to the Ecumenical Temple.
  6082 | Temple   | Entered the Ecumenical Temple
  6167 | Temple   | Became a worshipper of Sif Muna the Loreminder
  6270 | D:6      | Identified Riufod's Catalogue of Fiery Conjuration
  6497 | D:6      | Got an ancient bone ring
  6657 | D:6      | Identified the cursed ring "Jetiri" {rF+ Stlth--} (You
                  | found it on level 6 of the Dungeon)
  6773 | D:7      | Reached skill level 5 in Fighting
  6855 | D:7      | Found a sacrificial altar of Ru.
  6864 | D:7      | Found an ornate altar of the Wu Jian Council.
  6931 | D:7      | Found Baseotwa's General Store.
  6961 | D:7      | Noticed a troll
  6968 | D:7      | Killed a troll
  6969 | D:7      | Reached * piety under Sif Muna
  6969 | D:7      | Reached XP level 10. HP: 72/83 MP: 8/19
  7035 | D:7      | Identified Sif Muna's Early Guide to Wizardry (Sif Muna
                  | gifted it to you on level 7 of the Dungeon)
  7035 | D:7      | Received a gift from Sif Muna
  7167 | D:7      | Found a shattered altar of Ashenzari.
  7169 | D:7      | Found an iron altar of Okawaru.
  7214 | D:7      | Found a shimmering altar of Xom.
  7229 | D:7      | Reached skill level 11 in Earth Magic
  7460 | D:7      | Reached ** piety under Sif Muna
  7568 | D:7      | Reached skill level 12 in Earth Magic
  7593 | D:7      | Reached skill level 5 in Armour
  7727 | D:7      | Found a staircase to the Lair.
  7860 | D:7      | Found an opulent altar of Gozag.
  8002 | Lair:1   | Entered Level 1 of the Lair of Beasts
  8009 | Lair:1   | Found a runed translucent door.
  8010 | Lair:1   | Noticed ProfCupcake's ghost (novice FeMA)
  8012 | Lair:1   | Identified the +5 trident of Dissent {holy, rPois rN+ Int-5
                  | Dex+4}
  8027 | Lair:1   | Found a basalt altar of Yredelemnul.
  8028 | Lair:1   | Noticed an oklob plant
  8369 | Lair:1   | Reached *** piety under Sif Muna
  8397 | Lair:1   | Reached XP level 11. HP: 65/89 MP: 3/22
  8461 | Lair:1   | Found a dark tunnel.
  8469 | Volcano  | Entered a volcano
  8603 | Volcano  | Reached **** piety under Sif Muna
  8800 | Volcano  | Found a burning altar of Makhleb.
  8814 | Volcano  | Identified Sif Muna's Guide on Ashen Dark Arts (Sif Muna
                  | gifted it to you in a volcano)
  8814 | Volcano  | Received a gift from Sif Muna
  8841 | Volcano  | Noticed a stone giant
  8845 | Volcano  | Slain by an earth elemental

Skill      XL: |  1  2  3  4  5  6  7  8  9 10 11 |
---------------+----------------------------------+-----
Earth Magic    | 4 5 6 8 10 12 | 12.0
Fighting       | 1 2 5 6 |  6.0
Shields        | 3 4 |  4.0
Armour         | 4 8 |  8.0
Spellcasting   | 4 6 7 9 |  9.1
Transmutations | 3 4 |  4.0
Dodging        | |  1.5
Stealth        | |  1.5
Unarmed Combat | |  1.1

Action                   |  1- 3 |  4- 6 |  7- 9 | 10-12 || total
-------------------------+-------+-------+-------+-------++-------
Melee: Club              |    17 |       |       |       ||    17
       Unarmed           |     7 |       |       |       ||     7
       Dagger            |    97 |   259 |   299 |    57 ||   712
       Punch             |     1 |       |       |       ||     1
Throw: Stone             |       |     1 |     1 |       ||     2
 Cast: Sandblast         |    14 |    18 |    60 |    49 ||   141
       Stone Arrow       |     4 |     6 |   106 |    62 ||   178
       Lee's Rapid Decon |       |       |       |     4 ||     4
       Petrify           |       |       |       |     1 ||     1
Invok: Divine Energy     |       |       |       |     6 ||     6
  Use: Scroll            |     1 |       |     6 |     2 ||     9
       Potion            |       |     2 |     2 |     8 ||    12
  Eat: Chunk             |     5 |    11 |    25 |     7 ||    48
       Ration            |       |     1 |     3 |     2 ||     6
Armor: Plate armour      |    89 |   150 |   117 |    48 ||   404
       Fire dragon scale |       |       |    87 |    11 ||    98
Dodge: Dodged            |    19 |    42 |   115 |    34 ||   210
Block: Buckler           |       |    61 |   122 |    33 ||   216
